 Dungeon Crawl Stone Soup version 0.30.0-11-gf55b779eaf (webtiles) character file.

Game seed: 2305704334735429473

11 shadowrider38 the Digger (level 2, 19/19 HPs)
             Began as a Demonspawn Earth Elementalist on May 17, 2023.
             Quit the game on level 1 of the Dungeon.
             The game lasted 00:01:16 (444 turns).

shadowrider38 the Digger (DsEE)                      Turns: 444, Time: 00:01:17

Health: 19/19      AC:  2    Str:  8    XL:     2   Next: 13%
Magic:  4/5        EV: 12    Int: 16    God:
Gold:   15         SH:  0    Dex: 13    Spells: 4/5 levels left

rFire   . . .        a - +0 hand axe
rCold   . . .        (no shield)
rNeg    . . .        d - +0 robe
rPois   .            (no helmet)
rElec   .            (no cloak)
rCorr   .            (no gloves)
SInv    .            (no boots)
Will    .....        (no amulet)
Stlth   ++           (no ring)
HPRegen 0.23/turn    (no ring)
MPRegen 0.09/turn

%: no passive effects
@: no status effects
A: ignite blood 1
a: no special abilities


You were on level 1 of the Dungeon.
You visited 1 branch of the dungeon, and saw 1 of its levels.

You collected 15 gold pieces.

Inventory:

Hand Weapons
 a - a +0 hand axe (weapon)
Armour
 d - a +0 robe (worn)
Scrolls
 c - 5 scrolls of teleportation {unknown}
 e - a scroll of identify {unknown}
Potions
 b - a potion of magic


   Skills:
 - Level 1.7 Dodging
 - Level 1.7 Stealth
 + Level 2.3 Spellcasting
 - Level 0.8 Transmutations
 + Level 3.0 Earth Magic


You had 4 spell levels left.
You knew the following spells:

 Your Spells              Type           Power      Damage    Failure   Level
a - Sandblast             Erth           22%        2d7       6%          1

Your spell library contained the following spells:

 Spells                   Type           Power      Damage    Failure   Level
 Passwall                 Tmut/Erth      6%         N/A       14%         2
 Stone Arrow              Conj/Erth      12%        3d7       32%         3
 Petrify                  Tmut/Erth      8%         N/A       65%         4


Dungeon Overview and Level Annotations

Branches:
Dungeon (1/15)

Altars:


Innate Abilities, Weirdness & Mutations

Your demonic aura sometimes causes spilled blood to erupt in flames.


Message History

Save game and exit?
Welcome back, shadowrider38 the Demonspawn Earth Elementalist.
Press ? for a list of commands and other information.
Unknown command.
Casting: Sandblast (safe; 6% risk of failure)
Confirm with . or Enter, or press ? or * to list all spells.
Okay, then.
You barely miss the jackal. The jackal misses you.
The jackal completely misses you.
You hit the jackal.
The jackal is moderately wounded.
The jackal bites you.
You hit the jackal but do no damage.
The jackal is moderately wounded.
The jackal barely misses you. x2
You closely miss the jackal.
The jackal is moderately wounded.
The jackal bites you. x2
You hit the jackal but do no damage.
The jackal is moderately wounded.
The jackal closely misses you. x2
You hit the jackal.
You kill the jackal!
The jackal misses you.
Your Earth Magic skill increases to level 3!
You have reached level 2!
Your demonic ancestry asserts itself...
Your blood heats up.
You hit the jackal.
The jackal is severely wounded.
The jackal bites you.
You hit the jackal.
You kill the jackal!
You see here a jackal corpse.
You start resting.
HP restored.
You start resting.
Magic restored. 2 jackals come into view.
The jackal moves out of view.
A bat comes into view.
Aiming: Sandblast (safe; 6% risk of failure)
Press: ? - help, Q - select action, (/) - cycle Shift-Dir - straight line, f - bat
Aim: a bat (wandering, hasn't noticed you, 73% to hit)
The blast of sand hits the bat!
You kill the bat!
The jackal barks!
You hear a bark!
A jackal comes into view.
Are you sure you want to abandon this character and quit the game? (Confirm with "yes".)

#..............................
#..............................
##################.############
#..#.#..#.# #.###†....#
##.#.###..# ##.###...# #.#
#.†## #######@# #..#
........#.h..# .....#..#.#.##
.... #..#h#.# .## #... ... ..h†
..# ......### ....h. .......#


You could see 2 jackals.

Vanquished Creatures
  A ball python (D:1)
  A bat (D:1)
  An endoplasm (D:1)
  A hobgoblin (D:1)
  3 jackals (D:1)
  A quokka (D:1)
8 creatures vanquished.

Notes
Turn   | Place    | Note
-------+----------+-------------------------------------------
     0 | D:1      | shadowrider38 the Demonspawn Earth Elementalist began the
                  | quest for the Orb.
     0 | D:1      | Reached XP level 1. HP: 13/13 MP: 3/3
   393 | D:1      | Reached skill level 3 in Earth Magic
   393 | D:1      | Gained mutation: Your demonic aura sometimes causes spilled
                  | blood to erupt in flames. [demonic ancestry]
   393 | D:1      | Reached XP level 2. HP: 14/19 MP: 0/5
   444 | D:1      | Quit the game

Illustrated notes

Levels and vault maps discovered:
D:1:      dpeg_arrival_boxes_within_box, layout_loops_ring, minmay_pentomino_x4

Skill      XL: |  1 |
---------------+----+-----
Earth Magic    | 3 |  3.0
Dodging        | |  1.7
Stealth        | |  1.7
Spellcasting   | |  2.3
Transmutations | |  0.8

Action                     || total
---------------------------++-------
  Melee: Hand axe          ||     8
         Unarmed           ||     1
   Cast: Sandblast         ||    13
 Armour: Robe              ||     4
  Dodge: Dodged            ||    15
